 Dungeon Crawl Stone Soup version 0.21.0 (webtiles) character file.

938 Glaeka the Cudgeler (level 7, 0/63 HPs)
             Began as a Deep Dwarf Fighter on Jan 7, 2018.
             Killed by divine providence
             ... invoked by an orc priest
              (7 damage)
             ... on level 7 of the Dungeon.
             The game lasted 00:17:35 (2347 turns).

Glaeka the Cudgeler (Deep Dwarf Fighter)            Turns: 2347, Time: 00:17:35

Health: 0/63       AC: 12    Str: 17    XL:     7   Next: 87%
Magic:  4/4        EV:  3    Int:  8    God:
Gold:   262        SH:  9    Dex: 12    Spells: 6/6 levels left

rFire    + . .     SeeInvis .   b - +1 whip (vamp)
rCold    . . .     Gourm    .   c - +0 shield
rNeg     . . .     Faith    .   v - +0 plate armour
rPois    .         Spirit   .   (no helmet)
rElec    .         Reflect  .   (no cloak)
rCorr    .         Harm     .   (no gloves)
MR       +....                  (no boots)
Stlth    ..........             (no amulet)
HPRegen  0.00/turn              h - -5 ring of strength (curse)
MPRegen  0.09/turn              r - ring of protection from fire

@: non-regenerating
A: damage resistance, heal wounds, sense surroundings 1, no regeneration
a: Heal Wounds


You were on level 7 of the Dungeon.
You were not hungry.

You visited 1 branch of the dungeon, and saw 7 of its levels.

You collected 262 gold pieces.

Inventory:

Hand Weapons
 a - a +0 flail
 b - a +1 vampiric whip (weapon)
Missiles
 p - 47 stones (quivered)
Armour
 c - a +0 shield (worn)
 v - a +0 plate armour (worn)
Jewellery
 h - a cursed -5 ring of strength (left hand)
 r - a ring of protection from fire (right hand)
Scrolls
 j - 2 scrolls of identify {unknown}
 k - 3 scrolls of blinking {unknown}
 l - a scroll of remove curse {unknown}
 m - a scroll of immolation {unknown}
 n - 2 scrolls of random uselessness {unknown}
 q - a scroll of amnesia {unknown}
 t - 2 scrolls of magic mapping {unknown}
 u - a scroll of enchant weapon {unknown}
Potions
 d - 2 potions of might
 e - a potion of magic {unknown}
 g - a potion of agility {unknown}
 i - 2 potions of curing {unknown}
 o - a potion of brilliance {unknown}
Books
 s - a book of Maledictions

   Spells                             Type                      Level
   a - Corona                         Hexes                        1
   b - Ensorcelled Hibernation        Hexes/Ice                    2
   c - Confuse                        Hexes                        3
   d - Tukima's Dance                 Hexes                        3
   e - Dazzling Spray                 Conjuration/Hexes            3
Comestibles
 f - 5 rations


   Skills:
 + Level 3.8 Fighting
 * Level 7.2 Maces & Flails
 + Level 5.0 Armour
 + Level 5.0 Shields


You had 6 spell levels left.
You didn't know any spells.

Dungeon Overview and Level Annotations

Branches:
Dungeon (7/15)
 Temple: D:4-7

Altars:
Wu Jian

Shops:
D:4 *

Annotations:
D:2 Sigmund
D:4 Zetuh's ghost, amateur HaAs
D:5 Prince Ribbit; cellescent's ghost, novice TeWn


Innate Abilities, Weirdness & Mutations

You are resistant to damage.
You can heal yourself by infusing magical energy.
You passively map a small area around you.
You do not regenerate.


Message History

An orc comes into view. It is wielding a club.
The orc priest looks braver for a moment.
Throwing (i - inventory):
p - 49 stones (quivered)
Press: ? - help, Shift-Dir - straight line, f - orc
Aim: an orc, wielding a dagger and wearing a leather armour You throw a stone.
The stone closely misses the orc.
The stone closely misses the orc warrior.
The stone hits the orc priest but does no damage.
The orc priest invokes the aid of Beogh against you.
Beogh smites you!
* * * LOW HITPOINT WARNING * * *
Throwing (i - inventory):
p - 48 stones (quivered)
Press: ? - help, Shift-Dir - straight line, f/p - orc
Aim: an orc, wielding a dagger and wearing a leather armour You throw a stone.
The stone closely misses the orc.
The stone closely misses the orc warrior.
The stone hits the orc priest but does no damage.
The orc priest mumbles some strange prayers to Beogh against you.
Beogh smites you!
You die...

* #....#........#
###
###o.#........#
##.. #..#........#
#... #..#........#
#... #o.#........#
#... #......[....#
#...
#o##........###...
#.##..............
#@##.###########..
#.##..............
#.##############..
#.# #.# #.# #.#
#.# #.# ..# #.#
### #.# #.#


You could see an orc warrior, an orc priest and an orc.

Vanquished Creatures
  Grinder (D:4)
  An orc warrior (D:7)
  An ogre (D:7)
  A bullfrog (D:7)
  A scorpion (D:7)
  2 crimson imps
  A hound (D:7)
  A bullfrog skeleton (D:4)
  An orc wizard (D:7)
  2 iguanas
  3 worker ants
  A hound zombie (D:5)
  A hound skeleton (D:5)
  A worker ant zombie (D:7)
  6 adders
  A shadow imp (D:6)
  A worm (D:3)
  2 dart slugs (D:1)
  8 orcs
  4 bats (D:1)
  4 giant cockroaches
  9 goblins
  6 hobgoblins
  10 jackals
  6 kobolds
  2 ball pythons
  3 frilled lizards
  7 rats
87 creatures vanquished.

Notes
Turn   | Place    | Note
-------+----------+-------------------------------------------
     0 | D:1      | Glaeka the Deep Dwarf Fighter began the quest for the Orb.
     0 | D:1      | Reached XP level 1. HP: 20/20 MP: 1/1
    97 | D:1      | Reached XP level 2. HP: 24/27 MP: 2/2
   576 | D:1      | Reached XP level 3. HP: 28/33 MP: 3/3
   717 | D:2      | Reached skill level 3 in Maces & Flails
   725 | D:2      | Noticed Sigmund
   804 | D:3      | Reached XP level 4. HP: 27/40 MP: 3/3
   921 | D:3      | Found an ornate altar of the Wu Jian Council.
  1062 | D:4      | Noticed Zetuh's ghost (amateur HaAs)
  1072 | D:5      | Entered Level 5 of the Dungeon
  1114 | D:5      | Reached skill level 4 in Maces & Flails
  1114 | D:5      | Reached XP level 5. HP: 22/49 MP: 4/4
  1230 | D:5      | Noticed Prince Ribbit
  1299 | D:4      | Noticed Grinder
  1316 | D:4      | Killed Grinder
  1316 | D:4      | Reached skill level 5 in Maces & Flails
  1316 | D:4      | Reached XP level 6. HP: 26/56 MP: 5/5
  1452 | D:4      | Found Kyttut's Assorted Antiques.
  1617 | D:5      | Noticed cellescent's ghost (novice TeWn)
  1839 | D:7      | Reached XP level 7. HP: 17/62 MP: 4/4
  1872 | D:7      | Reached skill level 6 in Maces & Flails
  2029 | D:7      | Reached skill level 5 in Shields
  2058 | D:7      | Reached skill level 7 in Maces & Flails
  2263 | D:7      | Reached skill level 5 in Armour
  2347 | D:7      | Killed from afar by an orc priest

Skill      XL: |  1  2  3  4  5  6  7 |
---------------+----------------------+-----
Maces & Flails | 3 4 5 7 |  7.2
Fighting       | 3 |  3.8
Shields        | 4 5 |  5.0
Armour         | 4 5 |  5.0

Action                   |  1- 3 |  4- 6 |  7- 9 || total
-------------------------+-------+-------+-------++-------
Melee: Flail             |   136 |   207 |    92 ||   435
Throw: Stone             |       |    16 |    17 ||    33
 Abil: Heal Wounds       |     1 |     5 |     3 ||     9
  Eat: Chunk             |       |     4 |     2 ||     6
       Ration            |       |       |     2 ||     2
Armor: Scale mail        |    72 |    73 |    22 ||   167
       Plate armour      |       |       |    12 ||    12
Dodge: Dodged            |    46 |    73 |    16 ||   135
Block: Shield            |    67 |    96 |    25 ||   188
